[Event "Torneo Nuevo Centro. Jornada 10"]
[Site "Chess.com"]
[Date "2020.08.21"]
[Round "7"]
[White "Garrido Silos, Pablo"]
[Black "Ainsa Jimenez, Lucas"]
[Result "0-1"]
[WhiteElo "1440"]
[BlackElo "1171"]
[TimeControl "180+2"]
[EndTime "11:47:34 PDT"]
[Termination "Victoria de ainsaluck por jaque mate"]

1. e4 e5 2. Nf3 Nc6 3. Bb5 a6 4. Bxc6 dxc6 5. O-O Bg4 6. h3 Bh5 7. g4 Bg6 8. Nxe5 Qe7 9. Nf3 Bxe4 10. Re1 O-O-O 11.
Nh2 Nf6 12. d3 Qd7 13. Bg5 Bd5 14. Nc3 h6 15. Bxf6 gxf6 16. Nxd5 Qxd5 17. Qf3 Qd6 18. Qf5+ Kb8 19. Re2 Qb4 20. Qxf6 Bd6 21. a3 Qc5 22. b4 Qb6 23. c4 c5 24. Rb1 Bxh2+ 25. Kxh2 Qxf6 26.
bxc5 Qf3 27. Rbe1 Rxd3 28. Kg1 Rhd8 29. h4 Qxg4+ 30. Kf1 Qh3+ 31. Kg1 Rg8# 0

[Event "Torneo Nuevo Centro. Jornada 10"]
[Site "Chess.com"]
[Date "2020.08.21"]
[Round "7"]
[White "Ledezma Fortes, Jose Manuel"]
[Black "Marques Montolio, Luis"]
[Result "1-0"]
[WhiteElo "1796"]
[BlackElo "1447"]
[TimeControl "180+2"]
[EndTime "11:47:38 PDT"]
[Termination "Victoria de josema54 por jaque mate"]

1. c4 c6 2. d4 d5 3. Bg5 Bf5 4. e3 Qc7 5. Nd2 e6 6. Ne2 Be7 7. Bf4 Bd6 8. c5 Bxf4 9. Nxf4 Nf6 10. Be2 O-O 11. O-O Nbd7 12. Nf3 b6 13. b4 a5 14. cxb6 Qxb6 15. bxa5 Qxa5 16. h3 h6 17. g4 Be4 18.
Nd2 c5 19. dxc5 Nxc5 20. h4 Bh7 21. Nb3 Nxb3 22. axb3 Qxa1 23. Qxa1 Rxa1 24. Rxa1 Rb8 25. Kg2 g5 26. hxg5 hxg5 27. Nh3 Rxb3 28. Nxg5 Bg6 29. Ra8+ Kg7 30. Ra7 Rb4 31. Nxe6+ Kh7 32. Nf4 Ne4 33. Nxd5 Rb5 34. Nf4 Rg5 35. f3 Nc3 36. Bc4 Re5 37. e4 Rc5 38. Bxf7 Bxf7 39. Rxf7+ Kg8 40. Rd7 Nb5 41.
Rd8+ Kh7 42. Kg3 Nc3 43. Rd7+ Kg8 44. Nd5 Ne2+ 45. Kf2 Rc2 46. Ke3 Ng3 47. Nf6+ Kf8 48. g5 Re2+ 49. Kf4 Nf1 50. g6 Nd2 51. g7# 1

[Event "Torneo Nuevo Centro. Jornada 10"]
[Site "Chess.com"]
[Date "2020.08.21"]
[Round "7"]
[White "Gutierrez Marco, Dario"]
[Black "Yatseta Fernandez, Marc Kazymyr"]
[Result "1-0"]
[WhiteElo "1826"]
[BlackElo "1457"]
[TimeControl "180+2"]
[EndTime "11:47:41 PDT"]
[Termination "Victoria de rususs por tiempo"]

1. e4 e5 2. Nf3 Nc6 3. Bb5 a6 4. Ba4 d6 5. c3 Bd7 6. O-O Nf6 7.
d3 Be7 8. Nbd2 O-O 9. Re1 h6 10.
Nf1 b5 11. Bc2 Qc8 12. Ng3 Nh7 13. d4 Ng5 14. Nxg5 Bxg5 15. Bxg5 hxg5 16. a4 b4 17. Qd2 bxc3 18. bxc3 g4 19. Nf5 Bxf5 20. exf5 exd4 21. cxd4 Re8 22. Qf4 Qd8 23. Qxg4 Qf6 24. Be4 Qxd4 25. f6 g6 26. Rad1 Qc3 27. Qh4 Nd4 28. Qh6 1

[Event "Torneo Nuevo Centro. Jornada 10"]
[Site "Chess.com"]
[Date "2020.08.21"]
[Round "7"]
[White "Perrot, Fabien "]
[Black "Rabbani Perez, Oumaima "]
[Result "1-0"]
[WhiteElo "1114"]
[BlackElo "716"]
[TimeControl "180+2"]
[EndTime "11:47:53 PDT"]
[Termination "Victoria de InspiredMinds por jaque mate"]

1. d4 d6 2. e4 Nc6 3. d5 Nb4 4. c4 f6 5. Qa4+ c6 6. Qxb4 c5 7. Qb3 Nh6 8. Bxh6 gxh6 9. Qe3 Rg8 10. Ne2 Bg4 11. Ng3 Rg5 12. Nc3 Rc8 13. Be2 Bxe2 14. Ncxe2 Rb8 15. Nf4 b5 16. Ne6 Qa5+ 17. Qd2 Qxd2+ 18.
Kxd2 Rg4 19. f3 Rg8 20. Nc7+ Kd8 21. Nxb5 Rb6 22. Nxa7 Rxb2+ 23. Kc3 Rxg2 24. Nc6+ Kc8 25. a4 Rf2 26. a5 Kb7 27. a6+ Ka8 28. Rhf1 Rxh2 29.
Rab1 Rh3 30. a7 Rhxg3 31. Rb8# 1

[Event "Torneo Nuevo Centro. Jornada 10"]
[Site "Chess.com"]
[Date "2020.08.21"]
[Round "7"]
[White "Orts Tomás, Marc"]
[Black "Bendayán Claros, Aaron"]
[Result "0-1"]
[WhiteElo "1855"]
[BlackElo "1978"]
[TimeControl "180+2"]
[EndTime "11:47:58 PDT"]
[Termination "Victoria de Cuajada_Zero por jaque mate"]

1. c4 e6 2. Nf3 d5 3. g3 Nf6 4.
Bg2 c6 5. O-O Bd6 6. b3 O-O 7.
Bb2 Nbd7 8. d4 Ne4 9. Nbd2 f5 10.
Nxe4 fxe4 11. Ne5 Nxe5 12. dxe5 Bc5 13. a3 Qg5 14. b4 Bb6 15. Qc1 Qg6 16. Bh3 h5 17. Kg2 h4 18. c5 Bc7 19. Bd4 Bd7 20.
Qe3 Rf7 21. f3 exf3+ 22. exf3 a5 23. f4 hxg3 24. hxg3 Rff8 25. Bc3 axb4 26. axb4 Qc2+ 27. Rf2 Qg6 28. Raa2 Qb1 29. Rab2 Qg6 30. Qe2 Ra4 31. Bg4 Ra3 32. Bd4 Rfa8 33. Bf3 Bd8 34. Rd2 Bh4 35. Kf1 Qxg3 36. Rg2 Rxf3+ 37. Kg1 Ra1+ 38. Rd1 Rxd1+ 39. Qxd1 Qxf4 40. Bc3 Bf2+ 41. Kh1 Rh3+ 42. Rh2 Qxh2# 0

[Event "Torneo Nuevo Centro. Jornada 10"]
[Site "Chess.com"]
[Date "2020.08.21"]
[Round "7"]
[White "Birnoveanu, Petru"]
[Black "Gimenez Saiz, Jose Raul"]
[Result "0-1"]
[WhiteElo "1715"]
[BlackElo "1885"]
[TimeControl "180+2"]
[EndTime "11:48:08 PDT"]
[Termination "Victoria de rango013 por tiempo"]

1. e4 d5 2. exd5 Nf6 3. c4 c6 4.
dxc6 Nxc6 5. d3 e5 6. Be3 Bb4+ 7. Nc3 O-O 8. Ne2 Nd4 9. a3 Nxe2 10. axb4 Nxc3 11.
bxc3 Bf5 12. f3 a6 13. d4 exd4 14. Bxd4 Re8+ 15. Be2 Qe7 16. Ra2 Rad8 17. O-O h6 18. Qc1 Be6 19. Qf4 Nh5 20. Qe5 Nf6 21. Bd3 Rc8 22. Re2 Qc7 23. Qxc7 Rxc7 24. Bxf6 gxf6 25. Rfe1 Kf8 26. c5 Bd7 27. Rxe8+ Bxe8 28. Kf2 Bd7 29. Ke3 Be6 30. Rc1 Ke7 31. f4 Rc8 32. f5 Bd5 33.
g3 Bc6 34. Be4 Bxe4 35. Kxe4 Rd8 36. Rc2 Rd1 0

[Event "Torneo Nuevo Centro. Jornada 10"]
[Site "Chess.com"]
[Date "2020.08.21"]
[Round "7"]
[White "Sampedro Roig, Josep Francesc"]
[Black "Carbonell Bofill, Carlos Eloy"]
[Result "0-1"]
[WhiteElo "1822"]
[BlackElo "1914"]
[TimeControl "180+2"]
[EndTime "11:48:10 PDT"]
[Termination "Victoria de MFCARLOS por abandono"]

1. e4 e6 2. d4 d5 3. Nd2 Nf6 4. e5 Nfd7 5. f4 c5 6. c3 cxd4 7. cxd4 Nc6 8. Ndf3 f6 9. Ne2 fxe5 10. fxe5 Bb4+ 11. Bd2 O-O 12. a3 Rxf3 13. gxf3 Qh4+ 14.
Ng3 Bxd2+ 15. Qxd2 Nxd4 16. Kf2 Nb3 17. Qd1 Nxa1 18. Qxa1 Qd4+ 19. Kg2 Nxe5 20. Bb5 Qd2+ 21. Be2 Bd7 22. Rd1 Qg5 23. b4 Rf8 24. Qd4 Nc6 25.
Qc5 b6 26. Qd6 Qe7 27. Qc7 Be8 28. Qc8 h6 29. Qa6 Ne5 30. Qd3 Nxd3 0

[Event "Torneo Nuevo Centro. Jornada 10"]
[Site "Chess.com"]
[Date "2020.08.21"]
[Round "7"]
[White "Romera Navia, Alberto"]
[Black "Tormos Beltran, Maite"]
[Result "1-0"]
[WhiteElo "1790"]
[BlackElo "1438"]
[TimeControl "180+2"]
[EndTime "11:48:43 PDT"]
[Termination "Victoria de ARomera por abandono"]

1. e4 e5 2. Nf3 Nc6 3. Bb5 Nge7 4. d4 exd4 5. Nxd4 Nxd4 6. Qxd4 c6 7. Bc4 Qa5+ 8. Bd2 Qh5 9. Be2 Qg6 10. O-O d6 11. Kh1 Be6 12. c4 Rd8 13. Nc3 c5 14. Qe3 Nc6 15. Rfd1 Be7 16. f4 Nd4 17. f5 Bxf5 18. exf5 Qxf5 19. Nd5 Rd7 20. Bd3 Qh5 21. Re1 Qh4 22. Qg5 Qxg5 23. Bxg5 f6 24. Bxf6 gxf6 25. Nxf6+ Kd8 26. Nxd7 Kxd7 27. Rf1 Rg8 28. Bxh7 Rg7 29. Be4 b6 30. Bf5+ Kc6 31. Rae1 Bh4 32. Re8 Rf7 33. Be4+ Kd7 34. Rxf7+ Kxe8 35. Rxa7 Ne2 36. Bc6+ Kd8 37. Rd7+ Kc8 38. Rxd6 Kc7 39. Rh6 Bg5 40. Rg6 Bf4 41. Bf3 Nd4 42. h4 b5 43. cxb5 Nxb5 44. h5 Nd6 45. h6 Nf5 46. h7 Be5 47. Rg8 Ne7 48. h8=Q Bxh8 49. Rxh8 Nf5 50. g4 Kd6 51. gxf5 Kc7 52.
Re8 1

[Event "Torneo Nuevo Centro. Jornada 10"]
[Site "Chess.com"]
[Date "2020.08.21"]
[Round "7"]
[White "Luque Saiz, Andrés"]
[Black "Mancebo Ibanez, Fernando"]
[Result "1-0"]
[WhiteElo "2044"]
[BlackElo "2077"]
[TimeControl "180+2"]
[EndTime "11:48:55 PDT"]
[Termination "Victoria de Chuch1n por abandono"]

1. e4 c6 2. d4 d5 3. Nd2 dxe4 4.
Nxe4 Nf6 5. Nxf6+ exf6 6. c3 Bd6 7. Bd3 O-O 8. Qc2 Re8+ 9. Ne2 Kh8 10. Bd2 Nd7 11.
O-O-O Nf8 12. Ng3 Be6 13. Kb1 b5 14. c4 bxc4 15. Bxc4 Rb8 16. Nf5 Ba3 17. Bb3 Bxb3 18. axb3 Bb4 19. Qxc6 Bxd2 20. Rxd2 Rxb3 21. Qc4 Rb7 22.
Rc1 Rd7 23. d5 Ng6 24. Ne3 Ne5 25. Qa4 Ng6 26. Qa6 Ne7 27. d6 Nc8 28. Nc4 h6 29. Rcd1 Re6 30. Qc6 Kh7 31. Qd5 g6 32. Qc5 Kg7 33.
f4 f5 34. h3 Re4 35. g4 fxg4 36. hxg4 Nb6 37. Ne5 Na4 38. Qd5 Rxf4 39. Nxd7 Qxd7 40. Qe5+ Rf6 41. Rf2 Qe6 42. Qxf6+ Qxf6 43. Rxf6 Kxf6 44.
d7 1

[Event "Torneo Nuevo Centro. Jornada 10"]
[Site "Chess.com"]
[Date "2020.08.21"]
[Round "7"]
[White "Pedros Viudes, Santiago"]
[Black "Rodriguez Rodriguez, Joan David "]
[Result "1-0"]
[WhiteElo "1934"]
[BlackElo "1743"]
[TimeControl "180+2"]
[EndTime "11:49:05 PDT"]
[Termination "Victoria de ElGatoKamsky por abandono"]

1. d4 d5 2. Nf3 Nf6 3. Bf4 c5 4. e3 Nc6 5. Nc3 a6 6. Ne5 cxd4 7. exd4 Bf5 8. Nxc6 bxc6 9. Bd3 e6 10. Bxf5 exf5 11.
Qe2+ Qe7 12. Qxe7+ Bxe7 13. O-O O-O 14. Na4 Ne4 15. f3 Nd6 16. Rfe1 Rfe8 17. Rxe7 Rxe7 18. Bxd6 Re2 19. Rc1 Rae8 20. Kf1 g5 21. Bg3 f4 22. Re1 Rxe1+ 23. Bxe1 h5 24. Nc5 a5 25. a4 g4 26.
Bxa5 gxf3 27. gxf3 Kg7 28. b4 Kg6 29. b5 Re3 30.
Kf2 cxb5 31. axb5 Ra3 32. Bb4 Ra2 33. b6 Rxc2+ 34. Ke1 Rb2 35. Nd3 Rb3 36. Kd2 Rb1 37. b7 Rh1 38. Nxf4+ Kf5 39. Nxd5 Rxh2+ 40. Kc3 Rf2 41.
b8=Q Rxf3+ 42. Kc4 h4 43. Qc8+ Kg5 44. Be7+ f6 45.
Bxf6+ Kg6 46. Qg4+ 1

[Event "Torneo Nuevo Centro. Jornada 10"]
[Site "Chess.com"]
[Date "2020.08.21"]
[Round "7"]
[White "Méndez Giménez , Néstor Emmanuel"]
[Black "Fente Fernandez, Jose Ignacio"]
[Result "1-0"]
[WhiteElo "1250"]
[BlackElo "1511"]
[TimeControl "180+2"]
[EndTime "11:49:05 PDT"]
[Termination "Victoria de NestorMendez8 por abandono"]

1. e4 c5 2. d4 cxd4 3. Nf3 Nc6 4. Nxd4 Nf6 5. Nxc6 bxc6 6. Nc3 e6 7. Bg5 Bb4 8. e5 Bxc3+ 9. bxc3 Qa5 10. Qd2 Nd5 11.
c4 Qxd2+ 12. Bxd2 Nb6 13. g3 Nxc4 14. Bxc4 O-O 15. Bf1 d5 16. Bg2 Bb7 17. O-O c5 18.
Rab1 Ba6 19. Rfe1 Bc4 20. a4 Rab8 21. a5 Ba6 22. Bf1 c4 23. Be3 f6 24. exf6 gxf6 25. Bxa7 Ra8 26. Bd4 Bc8 27. Ra1 e5 28. Bc5 Rd8 29. Be7 Re8 30. Bxf6 e4 31. f3 Rf8 32.
fxe4 Rxf6 33. exd5 Bb7 34. Bxc4 Rc8 35. a6 Ba8 36.
d6+ Kg7 37. Re7+ Kf8 38. Rf1 Rxf1+ 39. Bxf1 Rd8 40. Ra7 Bd5 41. Bg2 Rxd6 42. Bxd5 Rxd5 43. Rxh7 Ra5 44. a7 Kg8 45. Rb7 1

[Event "Torneo Nuevo Centro. Jornada 10"]
[Site "Chess.com"]
[Date "2020.08.21"]
[Round "7"]
[White "Alvarez Usina, Jordi"]
[Black "Pardo Ruiz, Beatriz"]
[Result "0-1"]
[WhiteElo "1261"]
[BlackElo "1302"]
[TimeControl "180+2"]
[EndTime "11:49:05 PDT"]
[Termination "Victoria de trizPR6 por abandono"]

1. d4 d5 2. Bf4 Nc6 3. e3 a6 4.
Nf3 Bf5 5. Nbd2 Nf6 6. c3 e6 7. Ne5 Be7 8. Ndf3 Nxe5 9. Nxe5 Ne4 10. f3 Nf6 11. Be2 O-O 12. g4 Bg6 13. h4 h6 14.
Nxg6 fxg6 15. Qd3 Nd7 16. Qxg6 Rf6 17. Qd3 Qf8 18. O-O-O Bd6 19. Bxd6 Qxd6 20. g5 hxg5 21. hxg5 Rff8 22. g6 e5 23. Rh2 exd4 24. exd4 Qxh2 25. Re1 Rae8 26. Qc2 Rf6 27. Qb3 Rxe2 28. Qxd5+ Kh8 29. Rxe2 Qxe2 30. Qxd7 Qe1+ 31. Kc2 Qe2+ 32. Kb3 Qb5+ 33. Qxb5 axb5 34. c4 bxc4+ 35. Kxc4 Rxg6 36. d5 Rf6 37.
b4 Rxf3 38. b5 Rf4+ 39. Kc5 Rf6 40. a4 g5 41. a5 g4 42. d6 Rxd6 43. b6 Rd7 44.
bxc7 Rxc7+ 45. Kb6 Rf7 0

[Event "Torneo Nuevo Centro. Jornada 10"]
[Site "Chess.com"]
[Date "2020.08.21"]
[Round "7"]
[White "Escalona Moncholi, Felix"]
[Black "Zamora Soler, Raul"]
[Result "1-0"]
[WhiteElo "2092"]
[BlackElo "1860"]
[TimeControl "180+2"]
[EndTime "11:49:15 PDT"]
[Termination "Victoria de SchachSpielerESP por jaque mate"]

1. e4 c5 2. Nf3 Nc6 3. Bb5 e6 4. Bxc6 bxc6 5. d3 d6 6. Qe2 e5 7. Nc3 Be7 8. h3 Be6 9. O-O g6 10. a3 Qd7 11. Kh2 f6 12. Rb1 Rb8 13. b4 d5 14.
bxc5 Rxb1 15. Nxb1 d4 16. c3 Bxc5 17. cxd4 Bxd4 18.
Nxd4 exd4 19. Bf4 g5 20. Bg3 h5 21. h4 Ne7 22. f4 Bg4 23. Qb2 gxh4 24. Bxh4 Kf7 25.
Nd2 Ng6 26. Bf2 Rd8 27. Nb3 c5 28. g3 Rc8 29. Rc1 h4 30. Nxc5 Rxc5 31. Rxc5 hxg3+ 32. Bxg3 Bf3 33. f5 Ne5 34. Bxe5 fxe5 35. Qf2 Bh5 36.
Qg3 Qe7 37. Rxe5 Qf6 38. Re6 Qxe6 39. fxe6+ Kxe6 40. Qc7 a6 41. Qc6+ Kf7 42. Qxa6 Be2 43. Qc4+ Kf6 44. Qxd4+ Ke6 45. Qd5+ Ke7 46. e5 Bf3 47.
Qxf3 Ke6 48. Qf6+ Kd5 49. e6 Kc5 50. e7 Kd5 51. e8=Q Kc5 52. Qfc6+ Kd4 53. Qh8+ Kxd3 54. Qd8+ Ke3 55. Qe6+ Kf4 56. Qf8+ Kg5 57. Qeg8+ Kh5 58. Qf5+ Kh6 59. Qfg6# 1

[Event "Torneo Nuevo Centro. Jornada 10"]
[Site "Chess.com"]
[Date "2020.08.21"]
[Round "7"]
[White "Bercaru, Vlad Ionut"]
[Black "Ursariu, Nikolas Victor"]
[Result "1-0"]
[WhiteElo "1754"]
[BlackElo "1142"]
[TimeControl "180+2"]
[EndTime "11:49:37 PDT"]
[Termination "Victoria de Rata29 por tiempo"]

1. d4 d5 2. c4 Nf6 3. Nc3 Nc6 4. e3 Bf5 5. Bd3 Bg6 6. Nf3 e6 7. cxd5 exd5 8. Bxg6 hxg6 9. Bd2 Bd6 10. h3 Qd7 11. Qe2 O-O-O 12. a3 Be7 13. b4 Qe6 14. b5 Nb8 15. a4 Rde8 16. Rb1 Bd6 17. a5 b6 18. axb6 axb6 19. Rc1 Nbd7 20. Ng5 Qe7 21. Nf3 Bb4 22. Na4 Bxd2+ 23. Nxd2 Qb4 24. Nc3 Qe7 25. Qd1 Qf8 26. Qa4 Nb8 27. Qa8 Re7 28. Na4 Kd7 29. Qb7 Qe8 30.
Nxb6+ Kd6 31. Na4 Rxe3+ 32. fxe3 Qxe3+ 33. Kd1 Qxd4 34. Qxc7+ Ke6 35. Nc5+ Kf5 36. Rf1+ Kg5 37. Qg3+ Kh5 38. Qf3+ Kg5 39. h4+ Kh6 40. Qf4+ Kh7 41. Rf2 Qxf4 42. Rxf4 Re8 43. Rf1 Ne4 44. Ndxe4 dxe4 45.
Re1 f5 46. g4 Kh6 47. gxf5 gxf5 48. Ke2 g6 49. Rg1 Rg8 50. Ke3 Kh5 51. Ne6 1

[Event "Torneo Nuevo Centro. Jornada 10"]
[Site "Chess.com"]
[Date "2020.08.21"]
[Round "7"]
[White "Cantero Navarro, Antonio"]
[Black "Valmaña Cantó, Jaime"]
[Result "0-1"]
[WhiteElo "1943"]
[BlackElo "2355"]
[TimeControl "180+2"]
[EndTime "11:49:56 PDT"]
[Termination "Victoria de barberbirborbur por abandono"]

1. e4 c5 2. Nf3 Nc6 3. Bb5 Nf6 4. e5 Nd5 5. Nc3 Nc7 6. Bxc6 dxc6 7. O-O g6 8. Ne4 b6 9. Re1 Bg7 10. Nf6+ Kf8 11. Ne4 Ne6 12. d3 h6 13. Bd2 Kg8 14. h3 Kh7 15. Ng3 Nd4 16. c3 Nxf3+ 17. Qxf3 Be6 18. h4 Qd7 19. h5 Rad8 20. Re3 Rhf8 21.
Rae1 a5 22. c4 a4 23. Bc3 b5 24. b3 Bg4 25. Qe4 Qe6 26. f3 Bf5 27. Nxf5 gxf5 28. Qh4 Rg8 29. f4 Bh8 30. Rf1 Rg4 31. Qh2 Rdg8 32. Rf2 Qd7 33. Kf1 e6 34. Ke1 Bg7 35.
Kd2 Bf8 36. Kc2 Be7 37. Rfe2 axb3+ 38. axb3 Qa7 39. Kb2 Ra8 40. Kc2 Qa2+ 41. Bb2 Ra3 42. d4 bxc4 43. bxc4 Qxc4+ 44. Kb1 Rxe3 45. Rxe3 cxd4 46.
Rg3 Qf1+ 47. Ka2 Qxf4 48. Rh3 Qxh2 49. Rxh2 c5 50. Kb3 Bg5 51. Kc4 Bf4 52. Rh3 Rxg2 53. Ba3 Rc2+ 54. Kb5 Rc3 55. Rxc3 dxc3 56. Kxc5 c2 57.
Kd6 c1=Q 0

[Event "Torneo Nuevo Centro. Jornada 10"]
[Site "Chess.com"]
[Date "2020.08.21"]
[Round "7"]
[White "Hassomal Daswani, Birjkumar"]
[Black "Donate Peris, Jose Manuel"]
[Result "1/2-1/2"]
[WhiteElo "1802"]
[BlackElo "1540"]
[TimeControl "180+2"]
[EndTime "11:49:56 PDT"]
[Termination "Partida en tablas por material insuficiente"]

1. e4 e6 2. d4 d5 3. e5 c5 4. c3 Bd7 5. Nf3 Qb6 6. Be2 Bb5 7.
O-O Bxe2 8. Qxe2 cxd4 9. cxd4 Nc6 10. Nc3 Nge7 11. Be3 Nf5 12. Rad1 Nxe3 13. fxe3 Be7 14. Kh1 O-O 15. h4 Rac8 16. Ng5 h6 17. Nf3 Na5 18. g4 Nc4 19. b3 Nxe5 20. Nxe5 Rxc3 21. Nd7 Qd6 22.
Nxf8 Bxh4 23. Ng6 fxg6 24. Qf3 Bf6 25. Rf2 Qe7 26. Kg2 Rc8 27. Rff1 Rf8 28. Qe2 Rc8 29.
Rc1 Re8 30. Qc2 e5 31. Qxg6 exd4 32. exd4 Qe2+ 33. Rf2 Qe4+ 34. Qxe4 Rxe4 35. Rc7 Rxg4+ 36. Kf3 Rxd4 37. Rxb7 Rd3+ 38. Ke2 Rc3 39. Kd2 d4 40. Rxa7 Rh3 41. Kc2 d3+ 42. Kd1 Bg5 43. Ra8+ Kh7 44.
Rf1 d2 45. Rd8 Rc3 46. Rxd2 Bxd2 47. Kxd2 Rh3 48. b4 Rh2+ 49. Kc3 Rxa2 50. b5 Ra8 51. b6 Rb8 52. Rb1 g5 53. Kc4 g4 54.
Kc5 g3 55. Kc6 Kg6 56. Rg1 Kf5 57. Rxg3 h5 58. Kc7 Rh8 59. b7 h4 60. Rg1 Kf4 61.
b8=Q Rxb8 62. Kxb8 h3 63. Kc7 h2 64. Rf1+ Kg3 65. Kd6 Kg2 66. Rd1 h1=Q 67. Rxh1 Kxh1 1/2-1

[Event "Torneo Nuevo Centro. Jornada 10"]
[Site "Chess.com"]
[Date "2020.08.21"]
[Round "7"]
[White "Soliva Ruiz, Ramon"]
[Black "Gracia Calvo, Andrés"]
[Result "1-0"]
[WhiteElo "1528"]
[BlackElo "1790"]
[TimeControl "180+2"]
[EndTime "11:49:59 PDT"]
[Termination "Victoria de rasoru por jaque mate"]

1. d4 d5 2. Bf4 c5 3. e3 Qb6 4. Nc3 Nf6 5. dxc5 Qxc5 6. Nf3 Nc6 7. Nb5 Bf5 8. Bd3 Bxd3 9. Qxd3 Qb4+ 10. c3 Qxb2 11. O-O Ne4 12. Nc7+ Kd7 13. Nxa8 Nxc3 14. Nc7 e5 15. Bxe5 Nxe5 16. Nxe5+ Kxc7 17. Nxf7 Rg8 18. Ne5 Bd6 19. Nf3 b5 20. Rfc1 b4 21. Rab1 Qa3 22.
Rb3 Qxa2 23. Rbxc3+ bxc3 24. Qxc3+ Kd7 25. Qc6+ Ke7 26.
Qb7+ Kf6 27. Qc6 Rd8 28. h3 Qb2 29. Nd4 a5 30. Qc3 Qa2 31. Qc2 Qa3 32. Qe2 a4 33. Rc6 Ke7 34. f3 Kd7 35. Rc2 Qa1+ 36. Kf2 Rb8 37.
Nf5 a3 38. Nxd6 Kxd6 39. Qa6+ Ke7 40. Qa7+ Ke6 41. Qxb8 a2 42. Qe8+ Kd6 43. Qf8+ Ke6 44. Qe8+ Kd6 45. Qc6+ Ke7 46. Qc5+ Kf6 47. Qxd5 Qb1 48.
Qxa2 Qh1 49. Qb2+ Kg6 50. Rc6+ Kh5 51. Qb5+ g5 52. Qf5 h6 53. Qg6+ Kh4 54. Qxh6# 1

[Event "Torneo Nuevo Centro. Jornada 10"]
[Site "Chess.com"]
[Date "2020.08.21"]
[Round "7"]
[White "Gil López, Alejandro"]
[Black "De Nacimiento Montano, Antonio"]
[Result "1-0"]
[WhiteElo "2209"]
[BlackElo "1854"]
[TimeControl "180+2"]
[EndTime "11:50:03 PDT"]
[Termination "Victoria de AglVal0313 por abandono"]

1. e4 c5 2. Nf3 Nc6 3. Bc4 e6 4.
c3 Nf6 5. e5 Nd5 6. d4 Be7 7.
dxc5 Bxc5 8. Bxd5 exd5 9. Qxd5 Qb6 10. O-O O-O 11. a4 a5 12. Bf4 Ne7 13. Qe4 d5 14.
exd6 Bxd6 15. Bxd6 Qxd6 16. Re1 Ng6 17. Na3 Qc5 18. Nb5 Bf5 19. Qxb7 Nf4 20. Re5 Qc8 21. Qxc8 Bxc8 22. Rd1 Be6 23. Nfd4 Bc4 24. Rc5 Bxb5 25.
Nxb5 Rad8 26. Rxd8 Rxd8 27. Nd4 g6 28. g3 Nd3 29.
Rb5 Re8 30. b4 Re1+ 31. Kg2 Ra1 32. Rxa5 Ne1+ 33. Kh3 Kg7 34. f4 f5 35. Ra7+ Kh6 36. Nf3 Nxf3 37. Kg2 Nd2 38. a5 Ra2 39. b5 Nb3+ 40.
Kf3 Rxa5 41. Rxa5 Nxa5 42. Ke3 Kg7 43. Kd4 Kf7 44. Kc5 Ke6 45. Kb6 Nc4+ 46. Kc7 Kd5 47. b6 Na5 48. b7 Nxb7 49. Kxb7 Kc4 50. Kc7 Kxc3 51. Kd7 Kd3 52. Ke6 Ke4 53. Kf6 Kf3 54. Kg7 Kg2 55. Kxh7 Kxh2 56. Kxg6 Kxg3 57. Kxf5 Kh4 58.
Kg6 1

[Event "Torneo Nuevo Centro. Jornada 10"]
[Site "Chess.com"]
[Date "2020.08.21"]
[Round "7"]
[White "Cebolla Ruiz, David"]
[Black "Roca Cruz, Rafael"]
[Result "0-1"]
[WhiteElo "1545"]
[BlackElo "1825"]
[TimeControl "180+2"]
[EndTime "11:50:09 PDT"]
[Termination "Victoria de RafaRocaCruz por jaque mate"]

1. e4 c5 2. Nf3 e6 3. d4 cxd4 4. Nxd4 Nf6 5. f3 d5 6. Bd3 dxe4 7. Bxe4 Nxe4 8. fxe4 Qh4+ 9. g3 Qxe4+ 10. Kf2 Bc5 11. Be3 Nc6 12. Nc3 Qe5 13. Nce2 Qf6+ 14. Kg2 e5 15.
Rf1 Qg6 16. Nxc6 Qxc6+ 17. Kf2 Bg4 18. Bxc5 Qxc5+ 19. Ke1 Rd8 20. Qc1 Qb4+ 21. c3 Qe4 22. Rf2 O-O 23. Kf1 Bxe2+ 24. Rxe2 Qh1+ 25. Kf2 Qxh2+ 26. Ke3 Qh5 27. Rd2 Qg5+ 28. Ke2 Rxd2+ 29. Qxd2 Qxd2+ 30. Kxd2 Rd8+ 31. Ke2 f5 32. Rf1 g6 33. Ke3 Kg7 34. Rf2 Kf6 35. Rh2 h5 36. Rf2 e4 37. Rh2 Rd3+ 38.
Ke2 Rxg3 39. Rf2 Ke5 40. Rf1 f4 41. Rd1 Rd3 42. Re1 Re3+ 43. Kf2 Rxe1 44. Kxe1 f3 45. Kf2 Kf4 46. c4 e3+ 47. Kf1 Ke4 48. b3 Kd4 49. a3 a5 50. b4 axb4 51. axb4 Kxc4 52. b5 Kxb5 53. Ke1 Kc4 54. Kf1 Kd3 55. Ke1 b5 56.
Kf1 g5 57. Ke1 g4 58. Kf1 g3 59. Kg1 b4 60. Kf1 b3 61. Ke1 b2 62. Kd1 b1=Q# 0

[Event "Torneo Nuevo Centro. Jornada 10"]
[Site "Chess.com"]
[Date "2020.08.21"]
[Round "7"]
[White "Gómez Alonso, Óscar"]
[Black "Pardo Ruiz, Carlos"]
[Result "0-1"]
[WhiteElo "1823"]
[BlackElo "1690"]
[TimeControl "180+2"]
[EndTime "11:50:10 PDT"]
[Termination "Victoria de Carlitoscarlsen por abandono"]

1. d4 c5 2. c3 d5 3. Nf3 Bf5 4. e3 Nf6 5. dxc5 e6 6. Bd3 Bxd3 7. Qxd3 Nc6 8. b4 a5 9. b5 Na7 10. Ba3 Rc8 11. b6 Nc6 12. Qb5 Be7 13. Ne5 O-O 14. Nxc6 Rxc6 15. Qxa5 Qc8 16. Nd2 Bxc5 17. Bxc5 Rxc5 18.
Qa7 Rxc3 19. O-O Rc2 20. Nb3 Qa8 21. Qxa8 Rxa8 22. a4 Rb2 23. Nd4 Rxb6 24. a5 Rba6 25. Rfc1 g6 26. Nb3 Ne4 27. g3 Kg7 28. f3 Nd6 29. Rc5 b6 30. Rc6 bxa5 31. Rxa6 Rxa6 32. Rxa5 Rxa5 33. Nxa5 Kf8 34. Kf2 Ke8 35. Nc6 f6 36.
Ke2 Kd7 37. Nb4 Kc7 38. Kd3 Kb6 39. Nc2 e5 40. f4 Kc5 41. fxe5 fxe5 42. Ne1 e4+ 43.
Kd2 Nc4+ 44. Ke2 d4 45. exd4+ Kxd4 46. Nc2+ Ke5 47. Nb4 Nd6 48. h3 Nf5 49. g4 Nd4+ 50. Ke3 h5 51. Na6 Nc2+ 52. Kd2 Nd4 53. gxh5 gxh5 54.
Ke3 Nf5+ 55. Ke2 Kf4 56. Nc5 Ng3+ 57. Kf2 e3+ 58. Kg2 e2 59. Nd3+ Ke3 60. Ne1 Nf5 61. Kh2 h4 62. Kg2 Nd4 63. Kh2 Nf3+ 64. Kg2 Nxe1+ 65.
Kg1 Nd3 66. Kg2 e1=Q 0

[Event "Torneo Nuevo Centro. Jornada 10"]
[Site "Chess.com"]
[Date "2020.08.21"]
[Round "7"]
[White "Serrano Requena, Guillem"]
[Black "Camison Zornoza, Cesar"]
[Result "1-0"]
[WhiteElo "1318"]
[BlackElo "1772"]
[TimeControl "180+2"]
[EndTime "11:50:20 PDT"]
[Termination "Victoria de Guily351 - partida abandonada"]

1. d4 Nf6 2. Bg5 c5 3. Bxf6 gxf6 4. c3 cxd4 5. cxd4 Bg7 6. g3 O-O 7. Bg2 d6 8. Nc3 Nc6 9. e3 Qb6 10. Nd5 Qd8 11. Ne2 e6 12. Ndc3 e5 13. O-O Bg4 14. Qd2 Re8 15. a3 Bxe2 16. Nxe2 f5 17.
Rac1 Qb6 18. Rfd1 Rad8 19. b4 Ne7 20. a4 Ng6 21. a5 Qb5 22. Qb2 e4 23. Nc3 Qd7 24.
Bh3 Ne7 25. Nxe4 Qe6 26. Nc3 Qh6 27. Bg2 b6 28. axb6 axb6 29. Qb3 Qg6 30. Nd5 Nxd5 31. Bxd5 Rc8 32. Ra1 f4 33. Ra7 Rf8 34. exf4 Qf5 35.
Re1 Bxd4 36. Ree7 Rc1+ 37. Kg2 Rc2 38. Rxf7 Kh8 39. Rxf5 Rxf2+ 40. Kg1 Rb2+ 41. Kf1 Rxf5 42. Qxb2 Bxb2 43. Be6 Rf8 44. Bd5 Bg7 45. Be4 Bd4 46. Rxh7+ Kg8 47. Rh4 Re8 48. Rg4+ Kf7 49. Bg6+ Ke7 50.
Bxe8 Kxe8 51. f5 Ke7 52. Rxd4 Kf6 53. Rxd6+ Kxf5 54. Rxb6 Ke5 55. Rc6 Kf5 56. b5 Ke5 57.
b6 Kd5 58. Rc1 Kd6 59. b7 Kd5 60. b8=Q Ke4 61. Qe8+ Kd4 62. Rd1+ 1